 Dungeon Crawl Stone Soup version 0.31-a0-846-gb3bcc0d938 (webtiles) character file.

Game seed: 6187898569987144354

2557 senseless the Nimble (level 9, 0/41 HPs)
             Began as a Felid Shapeshifter on Oct 3, 2023.
             Was a Follower of Qazlal.
             Slain by an orc warrior
             ... wielding a +0 dire flail
              (14 damage)
             ... on level 7 of the Dungeon.
             The game lasted 00:12:36 (7306 turns).

senseless the Nimble (Felid Shapeshifter)           Turns: 7306, Time: 00:12:37

Health: 0/41       AC:  2    Str: 12    XL:     9   Next: 31%
Magic:  10/10      EV: 22    Int: 12    God:    Qazlal [*.....]
Gold:   84         SH:  1    Dex: 17    Spells: 8/8 levels left
                                        Lives:  0   Deaths: 3

rFire   . .          .
                       - Unarmed
rCold   . . .        (shield unavailable)
rNeg    . . .        (body armour unavailable)
rPois   .            (helmet unavailable)
rElec   .            (cloak unavailable)
rCorr   +            (gloves unavailable)
SInv    +            (boots unavailable)
Will    +....        i - amulet of the acrobat
Stlth   +            f - ring of resist corrosion
HPRegen 0.26/turn    (no ring)
MPRegen 0.12/turn

%: acrobat
@: beast-form, quick
A: beast (slay +4), very small, claws 1, fangs 3, see invisible, speed 1, shaggy
fur 2, stealthy paws, no weapons or thrown items, no armour, multi-lived
a: Begin Untransformation, Renounce Religion


You were on level 7 of the Dungeon.
You worshipped Qazlal.
Qazlal was aware of your devotion.
You were a hulking beast.
You visited 2 branches of the dungeon, and saw 9 of its levels.

You collected 328 gold pieces.
You spent 244 gold pieces at shops.

Inventory:

Jewellery
 f - a ring of resist corrosion (left paw)
 i - an amulet of the acrobat (around neck)
 j - a ring of willpower
Talismans
 b - a beast talisman (active)
 c - a flux talisman
 d - a blade talisman
Wands
 n - a wand of mindburst (15) (quivered)
Scrolls
 h - a scroll of vulnerability
 k - a scroll of poison
 q - a scroll of revelation
 s - 2 scrolls of teleportation
Potions
 a - 2 potions of lignification
 e - 3 potions of curing
 g - a potion of invisibility
 l - 3 potions of heal wounds
 m - 3 potions of might
 o - a potion of mutation
 p - 2 potions of magic
 r - 2 potions of degeneration {unknown}
 t - a potion of resistance {unknown}


   Skills:
 + Level 6.3 Fighting
 + Level 8.7 Dodging
 + Level 7.0 Unarmed Combat
 + Level 7.2 Shapeshifting


You had 8 spell levels left.
You didn't know any spells.
Your spell library contained the following spells:

 Spells                   Type           Power      Damage    Failure   Level
 Summon Guardian Golem    Hex/Summ       0%         N/A       69%         3
 Orb of Destruction       Conj           0%         9d5       100%        7
 Spellforged Servitor     Conj/Summ      0%         N/A       100%        7


Dungeon Overview and Level Annotations

Branches:
Dungeon (8/15)             Temple (1/1) D:5
   Lair: D:8-11

Altars:
Cheibriados
Dithmenos
Fedhas
Gozag
Hepliaklqana
Makhleb
Nemelex Xobeh
Okawaru
Qazlal
Ru
Trog
Uskayaw
Vehumet
Wu Jian
Xom

Shops:
D:5 *   D:7 ?


Innate Abilities, Weirdness & Mutations

You are a hulking beast.
Your limbs bulge with bestial killing power. (Slay +4)
You have sharp claws.
You have razor-sharp teeth.
You have supernaturally acute eyesight. (SInv)
You cover ground quickly. (Speed+)
You are covered in thick fur. (AC +2)
Your paws help you pounce on unaware monsters.
You are incapable of wielding weapons or throwing items.
You cannot wear armour.
You gain extra lives every three experience levels.


Message History

The gnoll misses you.
The orc wizard hits you with a +0 dagger.
Things that are here:
a +0 club; a +0 robe You claw the orc wizard!
You kill the orc wizard!
Qazlal accepts your kill. The gnoll misses you.
You claw the orc warrior!
The orc warrior is moderately wounded.
The gnoll completely misses you. The orc warrior closely misses you.
You scratch the orc warrior but do no damage.
The orc warrior is moderately wounded.
You scratch the orc warrior.
The orc warrior is heavily wounded.
The orc warrior barely misses you. You block the gnoll's attack.
You closely miss the orc warrior.
The orc warrior is heavily wounded.
The orc warrior hits you with a +0 dire flail!!
The gnoll hits you with a +0 spear of pain.
You are too injured to fight recklessly!
You are too injured to fight recklessly!
You are too injured to fight recklessly!
You are too injured to fight recklessly!
You are too injured to fight recklessly!
You are too injured to fight recklessly!
You are too injured to fight recklessly!
You are too injured to fight recklessly!
You are too injured to fight recklessly!
You are too injured to fight recklessly!
You are too injured to fight recklessly!
You are too injured to fight recklessly!
You are too injured to fight recklessly!
You are too injured to fight recklessly!
You are too injured to fight recklessly!
You barely miss the gnoll. The orc warrior completely misses you.
The gnoll completely misses you.
You completely miss the gnoll.
The orc warrior hits you with a +0 dire flail!
You die...

...................
........................
........................
.......#................
........................
#.......................
#......................
#...o).)..............
#...h....#...........
#..g.ยง..###..........
##......# ##.........
#.....## #.........
##....# #......###
#...## #..##...## ##..#
#.######.. ##.# #.# ###
#.# #


You could see an orc warrior and a gnoll (swift).

Vanquished Creatures
  Pikel (D:6)
  2 sky beasts
  2 ogres (D:5)
  2 orc warriors
  4 centaurs
  2 phantoms
  A kobold brigand (D:7)
  A bullfrog (D:7)
  2 scorpions
  2 jellies
  6 hounds
  An orc priest (D:6)
  2 gnoll boudas
  4 iguanas
  A sleepcap (D:6)
  4 orc wizards
  Robin (D:4)
  7 gnolls
  6 adders
  A shadow imp (D:7)
  4 white imps
  A worm (D:3)
  4 dart slugs
  12 orcs
  9 endoplasms
  3 giant cockroaches
  10 goblins
  11 hobgoblins
  10 jackals
  A quokka (D:2)
  10 ball pythons
  4 bats
  2 frilled lizards (D:2)
  8 kobolds
  6 rats
147 creatures vanquished.

Notes
Turn   | Place    | Note
-------+----------+-------------------------------------------
     0 | D:1      | senseless the Felid Shapeshifter began the quest for the
                  | Orb.
     0 | D:1      | Reached XP level 1. HP: 9/9 MP: 2/2
    79 | D:1      | Reached skill level 3 in Dodging
    79 | D:1      | Reached XP level 2. HP: 3/12 MP: 3/3
   764 | D:1      | Reached XP level 3. HP: 6/15 MP: 4/4
  1383 | D:2      | Found a faded altar of an unknown god.
  1523 | D:2      | Reached XP level 4. HP: 12/19 MP: 5/5
  2651 | D:3      | Reached skill level 4 in Dodging
  3185 | D:4      | Reached XP level 5. HP: 23/23 MP: 6/6
  3272 | D:4      | Noticed Robin
  3281 | D:4      | Killed Robin
  3414 | D:4      | Gained mutation: You are covered in thick fur. (AC +2)
                  | [Felid growth]
  3414 | D:4      | Reached XP level 6. HP: 26/28 MP: 7/7
  3584 | D:4      | Reached skill level 5 in Dodging
  3832 | D:5      | Entered Level 5 of the Dungeon
  3941 | D:5      | Reached skill level 5 in Shapeshifting
  3941 | D:5      | Reached XP level 7. HP: 17/31 MP: 8/8
  4066 | D:5      | Found Zaysi Odes's Assorted Antiques.
  4076 | D:5      | Bought a red potion for 28 gold pieces
  4145 | D:5      | Reached skill level 5 in Unarmed Combat
  4189 | D:5      | Reached skill level 6 in Dodging
  4488 | D:5      | Found a staircase to the Ecumenical Temple.
  4514 | Temple   | Entered the Ecumenical Temple
  4598 | Temple   | Became a worshipper of Qazlal Stormbringer
  5272 | D:6      | Reached XP level 8. HP: 30/36 MP: 9/9
  5339 | D:6      | You fall into a shaft and drop 2 floors!
  5455 | D:7      | Found Teleto's Magic Scroll Emporium.
  5464 | D:7      | Bought a scroll of revelation for 120 gold pieces
  5464 | D:7      | Bought a scroll of identify for 32 gold pieces
  5464 | D:7      | Bought a scroll of identify for 32 gold pieces
  5464 | D:7      | Bought a scroll of identify for 32 gold pieces
  5639 | D:6      | Noticed Pikel
  5649 | D:7      | Reached skill level 7 in Dodging
  5823 | D:7      | Found an iron altar of Okawaru.
  5865 | D:7      | Slain by a sky beast
  6135 | D:6      | Reached skill level 5 in Fighting
  6186 | D:6      | Killed Pikel
  6187 | D:6      | Reached skill level 8 in Dodging
  6330 | D:6      | Mangled by an orc warrior
  6491 | D:6      | Found a sacrificial altar of Ru.
  6514 | D:6      | Found a shimmering altar of Xom.
  6690 | D:6      | Reached XP level 9. HP: 9/41 MP: 10/10
  7045 | D:7      | Reached * piety under Qazlal
  7123 | D:7      | Slain by an orc warrior
  7306 | D:7      | Slain by an orc warrior

Illustrated notes

Levels and vault maps discovered:
D:1:      wander_arrival_chamber, layout_loops_corners
D:2:      minmay_wonky_spiral, layout_loops_corners, basic_ecumenical_altar,
          serial_bayou_crossing
D:3:      layout_loops_corners
D:4:      layout_loops_ring, uniq_robin
D:5:      layout_basic, minmay_temple_entry_antechambers, serial_shops,
          nicolae_shop_tiny_waterfront, chequers_serial_rivers_large_a
D:6:      layout_rooms, mainiacjoe_overflow_alcove_2,
          nicolae_overflow_crystal_walls, minmay_misc_feat_enclosed,
          minmay_statues_item, uniq_pikel
D:7:      layout_layer_cave, kennysheep_mini_moat, serial_shops,
          nicolae_shop_tiny_glass, minmay_checkerbox
D:8:      layout_gridville, mainiacjoe_overflow_six_doors_small,
          ebering_ghost_xom, minivault_23
Temple:   hc_temple_tempest_star

Skill      XL: |  1  2  3  4  5  6  7  8  9 |
---------------+----------------------------+-----
Dodging        | 3 4 5 6 8 |  8.7
Fighting       | 2 3 4 5 6 |  6.3
Shapeshifting  | 4 5 6 7 |  7.2
Unarmed Combat | 4 5 6 7 |  7.0

Action                     |  1- 3 |  4- 6 |  7- 9 || total
---------------------------+-------+-------+-------++-------
  Melee: Unarmed           |   112 |   134 |   238 ||   484
         Bite              |    11 |    18 |    34 ||    63
         Punch             |     2 |     7 |     8 ||    17
    Use: Scroll            |       |    10 |     6 ||    16
         Potion            |       |       |     1 ||     1
   Stab: Sleeping          |     5 |     4 |       ||     9
 Armour: Skin              |    27 |    40 |    95 ||   162
  Dodge: Dodged            |    70 |    95 |   265 ||   430
  Block: Other             |       |       |     5 ||     5

Table legend: (Time is in decaauts)
 A = Elapsed time spent in this place.
 B = Non-inter-level travel time spent in this place.
 C = Inter-level travel time spent in this place.
 D = Time resting spent in this place.
 E = Time spent auto-exploring this place.
 F = Levels seen in this place.
 G = Mean time per level.
                   A        B        C        D        E       F      G
               +--------+--------+--------+--------+--------+-----+--------+
         Total |   6307 |   6142 |    165 |    560 |   4618 |   9 |  700.8 |
       Dungeon |   6214 |   6063 |    151 |    484 |   4618 |   8 |  776.8 |
        Temple |     92 |     78 |     14 |     76 |      0 |   1 |   92.0 |
               +--------+--------+--------+--------+--------+-----+--------+

Top non-repeatable levels by time:
     D:5: 1149 daAuts
     D:6: 983 daAuts
     D:3: 925 daAuts
     D:2: 856 daAuts
     D:7: 756 daAuts
     D:1: 736 daAuts
     D:4: 706 daAuts
     D:8: 100 daAuts
  Temple: 92 daAuts
